 Dungeon Crawl Stone Soup version 0.21-a0-591-g2314aa1 (webtiles) character file.

26 tidbits the Sneak (level 2, -4/12 HPs)
             Began as a Felid Transmuter on Dec 22, 2017.
             Killed from afar by a dart slug (5 damage)
             ... with a slug dart
             ... on level 2 of the Dungeon.
             The game lasted 00:02:42 (316 turns).

tidbits the Sneak (Felid Transmuter)                 Turns: 316, Time: 00:02:43

Health: -4/12      AC:  1    Str:  6    XL:     2   Next: 89%
Magic:  3/6        EV: 18    Int: 14    God:
Gold:   27         SH:  0    Dex: 16    Spells: 2/5 levels left
                                        Lives:  0   Deaths: 0

rFire    . . .     SeeInvis +     - Unarmed
rCold    . . .     Gourm    .   (shield unavailable)
rNeg     . . .     Faith    .   (armour unavailable)
rPois    .         Spirit   .   (helmet unavailable)
rElec    .         Reflect  .   (cloak unavailable)
rCorr    .         Harm     .   (gloves unavailable)
MR       .....                  (boots unavailable)
Stlth    +++.......             (no amulet)
HPRegen  0.04/turn              (no ring)
MPRegen  0.10/turn              (no ring)

@: appendage, very slightly contaminated, quick
A: very small, no armour, no weapons or thrown items, stealth, claws 1, fangs 3,
horns 2, see invisible, carnivore, speed 1, shaggy fur 1, slow metabolism 1,
sharp paws
a: End Transformation


You were on level 2 of the Dungeon.
You were not hungry.
You had grown temporary horns.
You visited 1 branch of the dungeon, and saw 3 of its levels.

You collected 27 gold pieces.

Inventory:

Missiles
 a - 37 arrows
Scrolls
 d - a scroll of teleportation {unknown}
Potions
 e - a potion of brilliance {unknown}
 f - a potion of magic {unknown}
Books
 b - a book of Changes

   Spells                             Type                      Level
   a - Beastly Appendage              Transmutation                1
   b - Sticks to Snakes               Transmutation                2
   c - Spider Form                    Transmutation/Poison         3
   d - Ice Form                       Ice/Transmutation            4
   e - Blade Hands                    Transmutation                5
Comestibles
 c - a ration


   Skills:
 - Level 1.0 Fighting
 - Level 2.6 Dodging
 + Level 3.9 Stealth
 - Level 3.0 Unarmed Combat
 - Level 2.0 Spellcasting
 - Level 2.1 Transmutations


You had 2 spell levels left.
You knew the following spells:

 Your Spells              Type           Power        Failure   Level  Hunger
e - Beastly Appendage     Tmut           #.....       10%         1    ##.....
k - Sticks to Snakes      Tmut           #.......     14%         2    ###....


Dungeon Overview and Level Annotations

Branches:
Dungeon (3/15)

Altars:


Innate Abilities, Weirdness & Mutations

You cannot wear armour.
You are incapable of wielding weapons or throwing items.
Your paws allow you to move quietly. (Stealth)
You have sharp claws.
You have razor-sharp teeth.
You have supernaturally acute eyesight. (SInv)
You are carnivorous and can eat meat at any time.
You cover ground quickly.
You are covered in fur. (AC +1)
You have a slow metabolism.
Your sharp claws are effective at attacking unaware monsters.
You have a pair of horns on your head.


Message History

You kill the rat!
Your transformation is almost over.
Found an escape hatch in the floor.
Found a stone staircase leading up.
The helpless hobgoblin fails to defend itself.
You claw the hobgoblin!
You kill the hobgoblin!
There is a stone staircase leading down here.
Casting: Beastly Appendage
Confirm with . or Enter, or press ? or * to list all spells.
You extend your transformation's duration.
You climb downwards.
A bat, a goblin and a kobold come into view.
Found a lumpy emerald potion and 16 gold pieces.
Found a stone staircase leading up.
There is a stone staircase leading up here.
You pounce on the unaware helpless goblin!
You claw the goblin!
You kill the goblin!
The kobold shouts!
Your transformation is almost over.
You see here a lumpy emerald potion.
f - a lumpy emerald potion You scratch the kobold but do no damage.
The kobold hits you with a short sword.
You scratch the kobold.
You kill the kobold!
You now have 27 gold pieces (gained 16).
There is a stone staircase leading up here.
Your horns disappear.
Found an embroidered cloak.
The helpless bat fails to defend itself.
You claw the bat!
You kill the bat!
There is a stone staircase leading up here.
Casting: Beastly Appendage
Confirm with . or Enter, or press ? or * to list all spells.
You grow a pair of large bovine horns.
You climb upwards.
An ooze and a hobgoblin come into view.
There is a stone staircase leading down here.
Your transformation is almost over.
The ooze quivers.
Casting: Beastly Appendage
Confirm with . or Enter, or press ? or * to list all spells.
You extend your transformation's duration.
You scratch the ooze.
The ooze is moderately wounded.
The ooze misses you.
You scratch the ooze. You headbutt the ooze.
The ooze is almost dead.
The ooze completely misses you.
You scratch the ooze but do no damage.
The ooze is almost dead.
You scratch the ooze.
You kill the ooze!
Your transformation is almost over.
Casting: Beastly Appendage
Confirm with . or Enter, or press ? or * to list all spells.
You miscast Beastly Appendage.
You are very lightly contaminated with residual magic.
Nothing appears to happen.
Casting: Beastly Appendage
Confirm with . or Enter, or press ? or * to list all spells.
You extend your transformation's duration.
You scratch the hobgoblin but do no damage.
Your headbutt misses the hobgoblin. The hobgoblin hits you.
* * * LOW HITPOINT WARNING * * *
You closely miss the hobgoblin. The hobgoblin misses you.
You scratch the hobgoblin but do no damage.
Your bite misses the hobgoblin.
Your transformation is almost over.
You completely miss the hobgoblin. You headbutt the hobgoblin.
The hobgoblin is severely wounded.
The hobgoblin hits you.
* * * LOW HITPOINT WARNING * * *
You scratch the hobgoblin.
You kill the hobgoblin!
Your horns disappear.
Found a ration.
A dart slug comes into view.
Your magical contamination has completely faded away.
You scratch the dart slug.
The dart slug is moderately wounded.
The dart slug completely misses you.
Casting: Beastly Appendage
Confirm with . or Enter, or press ? or * to list all spells.
You miscast Beastly Appendage.
You are very lightly contaminated with residual magic.
Your skin glows momentarily.
Casting: Beastly Appendage
Confirm with . or Enter, or press ? or * to list all spells.
You grow a pair of large bovine horns.
The dart slug launches a dart at you. The slug dart hits you!
* * * LOW HITPOINT WARNING * * *
You scratch the dart slug.
The dart slug is heavily wounded.
The dart slug launches a dart at you. The slug dart hits you!
You die...

......#.##########.#.#
.....................
......######.#####..
###...# #.# .# #####
###.#####.#
#.........#
#...%.....#
#.........#
#......@..#
#.......w.#
#........## ########..
... .... ..... ......


You could see a dart slug.

Vanquished Creatures
  2 oozes
  A ball python (D:1)
  A giant cockroach (D:2)
  2 goblins
  3 hobgoblins
  2 kobolds
  2 bats
  4 rats
17 creatures vanquished.

Notes
Turn   | Place    | Note
-------+----------+-------------------------------------------
     0 | D:1      | tidbits the Felid Transmuter began the quest for the Orb.
     0 | D:1      | Reached XP level 1. HP: 9/9 MP: 4/4
    72 | D:1      | Reached skill level 1 in Stealth
   164 | D:1      | Reached skill level 2 in Stealth
   178 | D:1      | Reached XP level 2. HP: 4/12 MP: 3/6
   182 | D:1      | Learned a level 2 spell: Sticks to Snakes
   212 | D:2      | Reached skill level 3 in Stealth
   315 | D:2      | HP: 1/12 [dart slug/slug dart (3)]
   316 | D:2      | Killed from afar by a dart slug

Vault maps used:
D:1:      kennysheep_arrival_forest, kennysheep_minor_cross
D:2:      first_ration
D:3:      kennysheep_goblin_castle, chequers_ecumenical_altar_grove, bloody_trog

Skill      XL: |  1  2 |
---------------+-------+-----
Stealth        | 2 3 |  3.9
Fighting       | |  1.0
Dodging        | |  2.6
Unarmed Combat | |  3.0
Spellcasting   | |  2.0
Transmutations | |  2.1

Action                   || total
-------------------------++-------
Melee: Unarmed           ||    39
       Bite              ||     2
       Headbutt          ||     5
       Punch             ||     1
 Cast: Beastly Appendage ||    13
  Use: Potion            ||     1
 Stab: Sleeping          ||     4
Armor: Skin              ||     1
Dodge: Dodged            ||    19

Table legend:
 A = Spawn XP
 B = Non-spawn XP
 C = Spawn XP percentage of total XP
 D = Spawn monster count
 E = Non-spawn monster count
 F = Spawn count percentage of total count
 G = Total turns spent on level
                    A         B        C        D         E        F      G
               +---------+---------+-------+---------+---------+-------+---------
         Total |       0 |      38 |   0.0 |       0 |      17 |   0.0 |   316
               +---------+---------+-------+---------+---------+-------+---------
           D:1 |       0 |      17 |   0.0 |       0 |       7 |   0.0 |   203
           D:2 |       0 |      16 |   0.0 |       0 |       7 |   0.0 |    90
           D:3 |       0 |       5 |   0.0 |       0 |       3 |   0.0 |    23
               +---------+---------+-------+---------+---------+-------+---------

Table legend:
 A = Turns spent in this place as a percentage of turns spent in the entire game.
 B = Non-inter-level travel turns spent in this place as a percentage of non-inter-level travel turns spent in the entire game.
 C = Inter-level travel turns spent in this place as a percentage of turns spent in this place.
 D = Turns resting spent in this place as a percentage of non-inter-level travel turns spent in this place.
 E = Turns spent auto-exploring this place as a percentage of non-inter-level travel turns spent in this place.
 F = Non-inter-level travel turns spent in this place divided by the number of levels of this place that you've seen.
                   A       B       C       D       E      F
               +-------+-------+-------+-------+-------+----------------------
         Total | 100.0 | 100.0 |  14.2 |   1.5 |   0.0 |  90.3
       Dungeon | 100.0 | 100.0 |  14.2 |   1.5 |   0.0 |  90.3
               +-------+-------+-------+-------+-------+----------------------

Table legend:
 A = Kills in this place as a percentage of kills in entire the game.
 B = Kills by you in this place as a percentage of kills by you in the entire game.
 C = Kills by friends in this place as a percentage of kills by friends in the entire game.
 D = Other kills in this place as a percentage of other kills in the entire game.
 E = Experience gained in this place as a percentage of experience gained in the entire game.
 F = Experience gained in this place divided by the number of levels of this place that you have seen.
                   A       B       C       D       E      F
               +-------+-------+-------+-------+-------+----------------------
         Total | 100.0 | 100.0 |   N/A |   N/A | 100.0 |  12.7
       Dungeon | 100.0 | 100.0 |   N/A |   N/A | 100.0 |  12.7
               +-------+-------+-------+-------+-------+----------------------

Vault maps used:
D:1:      kennysheep_arrival_forest, kennysheep_minor_cross
D:2:      first_ration
D:3:      kennysheep_goblin_castle, chequers_ecumenical_altar_grove, bloody_trog
